 Dungeon Crawl Stone Soup version 0.30-a0-728-gc68057be0a (webtiles) character file.

Game seed: 5553890174270507663

2337625 ragingrage the Spry (level 27, 224/224 HPs)
             Began as a Merfolk Hunter on Jan 30, 2023.
             Was a High Priest of Okawaru.
             Escaped with the Orb
             ... and 4 runes!
             The game lasted 02:06:25 (68394 turns).

ragingrage the Spry (Merfolk Hunter)               Turns: 68394, Time: 02:06:26

Health: 224/224    AC: 37    Str: 20    XL:     27
Magic:  40/40      EV: 29    Int:  7    God:    Okawaru [*****.]
Gold:   762        SH: 28    Dex: 32    Spells: 32/42 levels left

rFire   + . .      SeeInvis +    a - +9 double sword (heavy)
rCold   + + .      Faith    .    u - +2 kite shield {reflect}
rNeg    + . .      Spirit   +    n - +8 pearl dragon scales "Ohacevosk" {Fly rPois rN+}
rPois   +          Reflect  +    m - +2 helmet {SInv}
rElec   .          Harm     .    x - scarf {rC+ rF+}
rCorr   .          Rampage  .    H - +3 pair of gauntlets of War {Slay+5}
Will    ++++.                    p - +3 pair of mountain boots {steadfast, rC+}
Stlth   ++                       k - brooch of Shielding {Spirit SH+8}
HPRegen 0.57/turn                r - ring "Soruuh" {Fly Will+ MP+9 Dex+6 SInv}
MPRegen 0.27/turn                P - +4 ring of protection

@: flying, studying 2 skills
A: (nimble swimmer 2), mertail, clumsy 1, deformed body, low MP 1, strong-willed
1, strong 2
0: Orb of Zot
}: 4/15 runes: barnacled, slimy, silver, gossamer
a: Renounce Religion, Heroism, Finesse, Duel


You escaped.
You worshipped Okawaru.
Okawaru was extremely pleased with you.
You visited 11 branches of the dungeon, and saw 53 of its levels.
You visited 1 bazaar.
You also visited: Trove and Ice Cave.

You collected 9346 gold pieces.
You spent 8584 gold pieces at shops.

Inventory:

Hand Weapons
 a - a +9 heavy double sword (weapon)
 b - the +7 scimitar of Hell's Wrath {freeze, rElec rPois Str+2 Dex+3 Stlth+}
   (Okawaru gifted it to you on level 1 of the Spider Nest)

   Str:       It affects your strength (+2).
   Dex:       It affects your dexterity (+3).
   rElec:     It insulates you from electricity.
   rPois:     It protects you from poison.
   Stlth:     It makes you more stealthy.
 w - a +7 rapier of electrocution
Missiles
 i - 10 javelins (quivered)
 K - 6 throwing nets
 N - 3 boomerangs of dispersal
 O - 11 curare-tipped darts
 Y - 3 silver javelins
Armour
 m - a +2 helmet of see invisible (worn)
 n - the +8 pearl dragon scales "Ohacevosk" (worn) {Fly rPois rN+}
   (You bought it in a shop in a bazaar)

   rPois:     It protects you from poison.
   rN:        It protects you from negative energy.
   Fly:       It grants you flight.
 p - the +3 pair of mountain boots (worn) {steadfast, rC+}
   (Okawaru gifted it to you on level 4 of the Depths)

   Steadfast: It prevents involuntary movement, except for blinking,
   teleportation, or banishment.
   rC:        It protects you from cold.
 u - a +2 kite shield of reflection (worn)
 x - a scarf of resistance (worn)
 H - the +3 pair of gauntlets of War (worn) {Slay+5}
   (You found it on level 5 of the Vaults)

   Slay:      It affects your accuracy & damage with ranged weapons and melee
   (+5).
 I - the +0 pair of fencer's gloves {Riposte Dex+3}
   (Okawaru gifted it to you on level 3 of the Lair of Beasts)

   Riposte:   It allows the wearer to riposte with melee weapons, swiftly
   retaliating against missed or blocked melee attacks.
   Dex:       It affects your dexterity (+3).
Jewellery
 k - the brooch of Shielding (around neck) {Spirit SH+8}
   (You bought it in a shop on level 15 of the Dungeon)

   [amulet of guardian spirit]

   It causes incoming damage to be divided between your reserves of health and
   magic.
   SH:        It affects your SH (+8).
 r - the ring "Soruuh" (left hand) {Fly Will+ MP+9 Dex+6 SInv}
   (You found it on level 2 of the Depths)

   [ring of dexterity]

   Dex:       It affects your dexterity (+6).
   MP:        It affects your magic capacity (+9).
   SInv:      It lets you see invisible.
   Fly:       It grants you flight.
   Will:      It increases your willpower.
 G - a +6 ring of strength
 L - a ring of resist corrosion
 P - a +4 ring of protection (right hand)
Wands
 c - a wand of paralysis (47)
 e - a wand of flame (116)
 l - a wand of light (21)
 y - a wand of polymorph (37)
 T - a wand of mindburst (15)
 Z - a wand of roots (18)
Scrolls
 h - 7 scrolls of blinking
 s - 5 scrolls of fog
 t - 8 scrolls of magic mapping
 v - 9 scrolls of poison
 D - 2 scrolls of fear
 E - 3 scrolls of silence
 F - 23 scrolls of teleportation
 U - 2 scrolls of noise
Potions
 f - 5 potions of attraction
 g - 6 potions of invisibility
 j - 8 potions of might
 o - 6 potions of resistance
 q - 6 potions of haste
 z - 11 potions of magic
 A - 11 potions of ambrosia
 B - 18 potions of heal wounds
 C - 5 potions of brilliance
 M - 6 potions of mutation
 Q - 9 potions of cancellation
 R - 4 potions of flight
 W - 7 potions of berserk rage
 X - 20 potions of curing
Miscellaneous
 d - a condenser vane
 J - a tin of tremorstones (2/2)
 S - a lightning rod (4/4)
 V - a phial of floods


   Skills:
 - Level 20.0 Fighting
 - Level 16.0 Long Blades
 - Level 3.2 Ranged Weapons
 - Level 16.0 Armour
 - Level 20.2 Dodging
 - Level 17.0 Stealth
 - Level 17.0 Shields
 - Level 8.0 Spellcasting
 - Level 15.0 Translocations
 - Level 15.0 Transmutations
 - Level 5.0 Air Magic
 + Level 15.8 Invocations
 - Level 17.0 Evocations


You had 32 spell levels left.
You knew the following spells:

 Your Spells              Type           Power      Damage    Failure   Level
a - Wereblood             Tmut           23%        N/A       1%          2
b - Vhi's Electric Charg  Tloc/Air       32%        N/A       3%          3
c - Apportation           Tloc           46%        N/A       1%          1
d - Manifold Assault      Tloc           23%        N/A       1%          4

Your spell library contained the following spells:

 Spells                   Type           Power      Damage    Failure   Level
 Beastly Appendage        Tmut           46%        N/A       1%          1
 Blink                    Tloc           46%        N/A       1%          2
 Lesser Beckoning         Tloc           46%        N/A       1%          2
 Gell's Gravitas          Tloc           23%        N/A       1%          3
 Teleport Other           Tloc           23%        N/A       1%          3
 Blade Hands              Tmut           11%        N/A       4%          5
 Momentum Strike          Conj/Tloc      26%        3d8       5%          2
 Passwall                 Tmut/Erth      10%        N/A       5%          2
 Portal Projectile        Hex/Tloc       26%        N/A       11%         3
 Spider Form              Tmut/Pois      13%        N/A       11%         3
 Kindle Blastsparks       Fire/Tloc/Air  24%        2d12      16%         3
 Dispersal                Tloc           11%        N/A       26%         6
 Ignite Poison            Fire/Tmut/Pois 9%         N/A       30%         3
 Swiftness                Air            9%         N/A       30%         3
 Iskenderun's Mystic Bla  Conj/Tloc      13%        2d5       34%         4
 Petrify                  Tmut/Erth      13%        N/A       34%         4
 Poisonous Vapours        Pois/Air       12%        N/A       38%         2
 Static Discharge         Conj/Air       12%        2-3/arc   38%         2
 Cigotuvi's Dreadful Rot  Necr/Pois/Air  10%        N/A       52%         2
 Kiss of Death            Conj/Necr      8%         2d6       61%         1
 Magic Dart               Conj           8%         1d3       61%         1
 Sandblast                Erth           4%         2d4       61%         1
 Alistair's Intoxication  Tmut/Pois      8%         N/A       69%         5
 Yara's Violent Unravell  Hex/Tmut       6%         3d5       69%         5
 Ensorcelled Hibernation  Hex/Ice        4%         N/A       75%         2
 Searing Ray              Conj           4%         2d4       75%         2
 Sublimation of Blood     Necr           2%         N/A       75%         2
 Mephitic Cloud           Conj/Pois/Air  5%         N/A       77%         3
 Dragon Form              Tmut           11%        N/A       80%         7
 Dazzling Flash           Conj/Hex       4%         N/A       93%         3
 Hailstorm                Conj/Ice       2%         3d3       93%         3
 Inner Flame              Hex/Fire       2%         N/A       93%         3
 Ozocubu's Armour         Ice            2%         N/A       93%         3
 Stone Arrow              Conj/Erth      4%         3d7       93%         3
 Eringya's Noxious Bog    Tmut/Pois      6%         N/A       99%         6
 Statue Form              Tmut/Erth      8%         N/A       99%         6
 Anguish                  Hex/Necr       1%         N/A       100%        4
 Cause Fear               Hex            1%         N/A       100%        4
 Flame Wave               Conj/Fire      2%         2d4       100%        4
 Fulminant Prism          Conj/Hex       1%         3d5       100%        4
 Leda's Liquefaction      Hex/Erth       1%         N/A       100%        4
 Olgreb's Toxic Radiance  Pois           2%         N/A       100%        4
 Sticky Flame             Conj/Fire      2%         2d3       100%        4
 Arcjolt                  Conj/Air       3%         1d13      100%        5
 Borgnjor's Vile Clutch   Necr/Erth      1%         N/A       100%        5
 Fireball                 Conj/Fire      1%         3d3       100%        5
 Freezing Cloud           Conj/Ice/Air   2%         6-21      100%        5
 Lee's Rapid Deconstruct  Erth           1%         3d4*      100%        5
 Lightning Bolt           Conj/Air       3%         1d14      100%        5
 Metabolic Englaciation   Hex/Ice        1%         N/A       100%        5
 Conjure Ball Lightning   Conj/Air       3%         3x3d6     100%        6
 Iron Shot                Conj/Erth      1%         9d1       100%        6
 Starburst                Conj/Fire      1%         6d3       100%        6
 Enfeeble                 Hex            1%         N/A       100%        7
 Ozocubu's Refrigeration  Ice            1%         4d7       100%        7
 Storm Form               Tmut/Air       8%         N/A       100%        7
 Discord                  Hex            1%         N/A       100%        8
 Disjunction              Tloc           11%        N/A       100%        8
 Ignition                 Fire           1%         3d3       100%        8
 Maxwell's Capacitive Co  Air            4%         ∞         100%        8
 Polar Vortex             Ice            1%         N/A       100%        9
 Summon Small Mammal      Summ           Unusable   N/A       N/A         1
 Summon Forest            Summ/Tloc      Unusable   N/A       N/A         5
 Tukima's Dance           Hex            Unusable   N/A       N/A         3
 Summon Lightning Spire   Summ/Air       Unusable   N/A       N/A         4
 Simulacrum               Ice/Necr       Unusable   N/A       N/A         6
 Spellforged Servitor     Conj/Summ      Unusable   N/A       N/A         7
 Summon Hydra             Summ           Unusable   N/A       N/A         7
 Dragon's Call            Summ           Unusable   N/A       N/A         9

Dungeon Overview and Level Annotations

Branches:
Dungeon (15/15)            Temple (1/1) D:6            Lair (5/5) D:8
 Shoals (4/4) Lair:2       Spider (4/4) Lair:3        Slime (5/5) Lair:4
    Orc (2/2) D:9             Elf (3/3) Orc:2        Vaults (5/5) D:13
  Crypt (0/3) Vaults:3     Depths (4/4) D:15            Zot (5/5) Depths:4
  IceCv (visited)

Altars:
Ashenzari
Cheibriados
Dithmenos
Elyvilon
Fedhas
Gozag
Kikubaaqudgha
Okawaru
Qazlal
Ru
Sif Muna
Trog
Wu Jian
Xom
Zin
The Shining One
Jiyva
Lugonu

Shops:
D:9 (   D:13 =   D:15 *   Orc:1 :   Orc:2 !**?   Elf:2 :   Shoals:2 :
Shoals:3 !   Vaults:3 (

Portals:
Hell: Depths:2 Depths:3 Depths:4
Abyss: Lair:5 Depths:3
Pandemonium: Depths:2
Ziggurat: Depths:1

Annotations:
D:2 exclusion: downstairs
D:4 exclusion: downstairs
D:5 exclusion: 2 downstairs
Lair:1 exclusion: downstairs
Depths:1 2 transporters, exclusions: dread lich, hell knight, hellion and 6 more exclusions
Depths:4 exclusions: 3 draconian stormcallers and 1 more exclusion
Zot:1 3 runed translucent doors, exclusions: 3 orbs of fire and 2 more exclusions, browni3141's ghost, veteran HuEE
Zot:4 1 transporter


Innate Abilities, Weirdness & Mutations

((You are very nimble when in or above water. (Stealth+, EV+, Speed+++)))
Your lower body shifts to a powerful aquatic tail in water.
You are clumsy. (Dex -2)
Armour fits poorly on your strangely shaped body.
Your magical capacity is low. (-10% MP)
You are strong-willed. (Will+)
Your muscles are very strong. (Str +8, Int/Dex -2)


Message History

(Z) Zot
Where to? (Enter - D:1 @ (x,y), ? - help)
There is a stone staircase leading up here.
You fly upwards.
Level annotation: exclusion: 2 downstairs
There is a stone staircase leading down here.
Things that are here:
a +0 robe; a +0 dagger
There is a stone staircase leading up here.
You fly upwards.
Level annotation: exclusion: downstairs
There is a stone staircase leading down here.
There is a stone staircase leading up here.
You fly upwards.
There is a stone staircase leading down here.
You see here a +0 club.
A daeva comes into view.
It is wielding a +4 scimitar of holy wrath.
The daeva moves out of view.
The daeva calls down the wrath of the Shining One upon you.
The Shining One smites you!
There is a stone staircase leading up here.
The daeva calls down the wrath of the Shining One upon you.
The Shining One smites you!
You fly upwards.
Level annotation: exclusion: downstairs
There is a stone staircase leading down here.
(D) Dungeon (T) Temple (L) Lair (A) Shoals (N) Spider Nest (M) Slime Pits (O) Orcish Mines (E) Elven Halls (V) Vaults (C) Crypt (U) Depths (H) Hell (Z) Zot
Where to? (Enter - D:1 @ (x,y), ? - help) Magic restored.
There is a stone staircase leading up here.
You fly upwards.
There is a stone staircase leading down here.
You reach down and open the door.
There is an open door here.
HP restored.
There is a staircase leading out of the dungeon here.
You have escaped!

##########################
#.........................
##.##........#######.#####.
##...#.######.# #.# #.
##......######.#######.# #.
#...........##......##.# #.
#.......######.####.##.#####.
#.#...#.# #@#.####.#........
#.##.##.# #.#...............
###.##.##.#
#.#.####.####..)##
#...>..##.# #.#.# #.# #.#...
#.#.......####.###
#.####...##
#.#..######.##..##
#.....)#...
#.#..#####.#.#...##
######...##
#............'....## ##.##
#.#..........#..#..# #†##


There were no monsters in sight!

Vanquished Creatures
  the Royal Jelly (Arena)
  4 dread liches
  An ancient lich (Zot:5)
  5 orbs of fire
  A juggernaut (Depths:3)
  Mara (Shoals:4)
  Josephina (Depths:3)
  Boris (Arena)
  Bai Suzhen (Shoals:3)
  5 Killer Klowns (Zot:5)
  Xtahua (Vaults:2)
  A caustic shrike (Depths:3)
  7 curse toes
  12 golden dragons
  The ghost of Camaan the Warrior, an adept DgCj (Depths:2)
  Nikola (Vaults:3)
  Jory (Vaults:5)
  Arachne (Spider:2)
  3 electric golems (Zot:5)
  Rupert (D:12)
  Jorgrun (Spider:2)
  2 Ice Fiends (IceCv)
  A Hell Sentinel (Depths:1)
  11 tentacled monstrosities
  Zenata (Vaults:2)
  8 liches
  Mlioglotl (Shoals:3)
  24 Orb Guardians
  15 acid blobs
  6 quicksilver dragons
  2 deep elf master archers (Elf:3)
  6 titans
  A walking divine tome (Depths:3)
  4 deep elf blademasters (Elf:2)
  2 walking frostbound tomes
  An Executioner (D:12)
  Polyphemus (Shoals:3)
  A kraken (Shoals:4)
  16 death cobs
  Agnes (Spider:1)
  Gastronok (D:11)
  4 tengu reavers
  2 sphinxes (Depths:3)
  7 draconian monks
  13 shadow dragons
  Donald (Spider:1)
  Roxanne (Shoals:1)
  11 storm dragons
  An emperor scorpion (Spider:1)
  8 rockslimes
  9 deep elf sorcerers
  12 frost giants
  5 fire giants
  A draconian knight (Zot:3)
  8 azure jellies
  8 draconian scorchers
  17 vault wardens
  4 iron dragons
  7 deep elf elementalists
  3 draconian stormcallers
  A balrug (Depths:3)
  2 orc warlords
  4 ghost moths
  17 stone giants
  4 war gargoyles
  6 broodmothers (Spider:4)
  30 very ugly things
  7 draconian annihilators
  5 spriggan defenders
  20 ironbound preservers
  2 vampire knights
  6 ironbound thunderhulks
  7 quicksilver oozes
  A demonspawn black sun (Depths:1)
  9 black draconians
  5 deep elf demonologists
  12 green draconians
  A lorocyproca (Zot:3)
  12 white draconians
  8 dire elephants
  4 spark wasps
  10 red draconians
  14 deep elf annihilators
  12 yellow draconians
  11 purple draconians
  4 blizzard demons
  An eidolon (Vaults:3)
  4 entropy weavers
  10 ettins
  8 deep elf death magi
  7 fire dragons
  2 crystal guardians
  7 merfolk impalers
  2 great orbs of eyes
  A merfolk javelineer (Shoals:4)
  11 yaktaur captains
  12 deep elf high priests
  7 ice dragons
  The ghost of Daonocau the Skirmisher, a journeyman MiMo of Nemelex Xobeh (D:11)
  Harold (D:11)
  5 ogre magi
  2 caustic shrike simulacra
  A juggernaut simulacrum (Depths:2)
  2 merfolk avatars
  6 hydras
  A hell beast (Depths:2)
  9 spriggan air magi
  A rakshasa (Depths:2)
  Erolcha (D:10)
  4 peacekeepers
  42 vault guards
  Erica (Orc:1)
  4 alligator snapping turtles (Shoals:4)
  9 centaur warriors
  13 ironbound frosthearts
  3 merfolk aquamancers (Shoals:4)
  A catoblepas (Shoals:3)
  A jorogumo (Spider:1)
  9 boulder beetles
  8 two-headed ogres
  2 radroaches
  25 dancing weapons
  3 tengu warriors
  7 death yaks
  6 orc high priests
  A vampire mage (Vaults:3)
  5 spriggan berserkers (Depths:2)
  6 deep troll earth magi
  3 thrashing horrors (Lair:5)
  14 deep elf knights
  6 hell knights (Depths:4)
  6 pharaoh ants
  3 iron trolls
  7 sun demons
  4 skeletal warriors
  13 soul eaters
  2 salamander mystics (Depths:1)
  2 deep trolls (shapeshifter)
  Amaemon (Lair:3)
  3 flayed ghosts
  12 sea snakes
  14 deep elf archers
  3 sun moths
  2 death drakes (Zot:1)
  7 orb spiders
  A glowing orange brain (shapeshifter) (Vaults:5)
  5 glowing orange brains
  A shadow demon (Depths:1)
  12 lindwurms
  40 deep trolls
  A quicksilver dragon simulacrum (Depths:2)
  7 wizards
  11 harpies
  8 phantasmal warriors
  2 obsidian statues (IceCv)
  2 bog bodies (IceCv)
  19 ironbound convokers
  13 orc knights
  2 spriggan simulacra
  10 steelbarb worms
  34 deep elf pyromancers
  A necromancer (Depths:4)
  6 salamanders
  7 cyclopes
  24 deep elf zephyrmancers
  6 shining eyes
  A shining eye (shapeshifter) (Depths:2)
  44 ugly things
  An orc sorcerer (D:15)
  5 oklob plants (Lair:4)
  22 wolf spiders
  11 manticores
  A mana viper (shapeshifter) (Vaults:5)
  6 black mambas
  24 moths of wrath
  3 elephants (Lair:2)
  2 eyes of devastation
  25 vault sentinels
  4 demonic crawlers
  Joseph (D:10)
  8 merfolk sirens
  10 apocalypse crabs (Zot:4)
  An orange demon (Lair:3)
  A rust devil (Depths:2)
  A titan simulacrum (Depths:2)
  An eye of devastation (shapeshifter) (D:15)
  3 torpor snails
  11 water nymphs
  9 cane toads
  3 gargoyles
  2 smoke demons
  Maggie (D:6)
  22 yaktaurs
  4 kobold demonologists
  3 rime drakes (Lair:5)
  12 komodo dragons
  3 unseen horrors
  2 efreet (D:14)
  A komodo dragon (shapeshifter) (D:15)
  4 golden dragon simulacra
  2 purple draconian skeletons (Zot:1)
  A guardian mummy (D:11)
  5 freezing wraiths
  An ancient zyme (Lair:5)
  5 ice devils
  17 merfolk
  4 tengu conjurers
  A hellwing (Depths:2)
  5 meliai
  4 trolls
  6 wind drakes
  4 polar bears
  A red devil (Depths:2)
  A hornet (shapeshifter) (Vaults:5)
  21 tarantellas
  12 blink frogs
  7 hornets
  2 tengu simulacra (Depths:3)
  22 dream sheep
  19 jumping spiders
  7 snapping turtles
  A frost giant simulacrum (Depths:2)
  An iron dragon simulacrum (Depths:3)
  An air elemental (Elf:1)
  92 slime creatures
  A vampire (D:9)
  4 water elementals
  15 culicivoras
  2 shadows
  8 humans (D:13)
  9 spriggans
  4 wyverns
  4 ynoxinuls
  4 fire elementals
  A large abomination (Lair:5)
  29 yaks
  A fire bat (Lair:5)
  6 wraiths
  3 basilisks
  A golden eye (shapeshifter) (Vaults:5)
  17 golden eyes
  Grum (D:8)
  39 redbacks
  3 chaos spawn (Lair:5)
  A minotaur simulacrum (IceCv)
  2 harpy simulacra (IceCv)
  6 small abominations (Lair:5)
  2 wargs
  6 water moccasins
  An acid dragon (D:10)
  2 floating eyes
  4 hydra simulacra (IceCv)
  4 black bears
  3 ettin simulacra (IceCv)
  48 orc warriors
  12 ogres
  15 wolves
  A boggart (Vaults:4)
  16 centaurs
  3 phantoms (D:5)
  6 kobold brigands
  11 bullfrogs
  A gnoll sergeant (D:9)
  3 necrophages
  6 earth elementals
  A deep troll simulacrum (IceCv)
  A glowing shapeshifter simulacrum (Depths:2)
  29 wights
  6 killer bees
  An electric eel (Lair:3)
  4 howler monkeys
  5 crimson imps
  3 hounds
  A jelly (D:6)
  38 orc priests
  2 gnoll boudas (D:5)
  5 iguanas
  27 orc wizards
  Natasha (thrice) (D:4)
  Robin (D:3)
  16 gnolls
  5 adders
  A river rat (D:5)
  4 shadow imps
  8 white imps
  An ufetubus (D:4)
  2 dart slugs
  84 orcs
  6 ball pythons
  3 bats
  5 endoplasms
  2 giant cockroaches
  14 goblins
  11 hobgoblins
  7 quokkas
  5 frilled lizards
  2 goblin skeletons (D:7)
  A goblin zombie (D:7)
  A hobgoblin zombie (D:7)
  45 kobolds
  10 kobold skeletons
  9 kobold zombies
  3 orc zombies (D:7)
  4 rats
2233 creatures vanquished.

Vanquished Creatures (others)
  An Orb Guardian (Zot:5)
  A titan (Vaults:5)
  A draconian annihilator (Depths:4)
  An ice dragon (Depths:3)
  A jorogumo (Spider:2)
  A vault guard (D:13)
  A two-headed ogre (Vaults:5)
  A wizard (Vaults:2)
  3 deep elf zephyrmancers (Elf:2)
  A water elemental (Shoals:4)
  A golden eye (Slime:4)
  An orc priest (Orc:1)
  4 fungi
  129 plants
  4 tentacles (Shoals:4)
151 creatures vanquished.

Grand Total: 2384 creatures vanquished

Notes
Turn   | Place    | Note
-------+----------+-------------------------------------------
     0 | D:1      | ragingrage the Merfolk Hunter began the quest for the Orb.
     0 | D:1      | Reached XP level 1. HP: 16/16 MP: 1/1
    69 | D:1      | Reached XP level 2. HP: 23/23 MP: 2/2
   474 | D:1      | Reached XP level 3. HP: 24/29 MP: 3/3
  1178 | D:3      | Noticed Robin
  1267 | D:3      | Found a transporter.
  1293 | D:3      | Reached XP level 4. HP: 35/35 MP: 4/4
  1921 | D:3      | Found a transporter.
  2176 | D:3      | Killed Robin
  2520 | D:4      | Reached skill level 5 in Dodging
  2520 | D:4      | Reached XP level 5. HP: 42/42 MP: 5/5
  2695 | D:4      | Reached skill level 1 in Long Blades
  2950 | D:4      | Noticed Natasha
  2992 | D:5      | Entered Level 5 of the Dungeon
  3026 | D:5      | Reached XP level 6. HP: 50/50 MP: 6/6
  3068 | D:5      | Reached skill level 5 in Fighting
  3357 | D:5      | Reached skill level 5 in Long Blades
  3376 | D:5      | Gained mutation: You are frail. (-10% HP) [potion of
                  | mutation]
  3378 | D:5      | Found an iron altar of Okawaru.
  3378 | D:5      | Noticed Ijyb
  3385 | D:5      | Reached XP level 7. HP: 27/50 MP: 7/7
  3716 | D:5      | Became a worshipper of Warmaster Okawaru
  4485 | D:4      | Killed Natasha
  4486 | D:4      | Reached XP level 8. HP: 7/55 MP: 8/8
  4699 | D:4      | Noticed Natasha
  4719 | D:4      | Killed Natasha
  5009 | D:4      | Noticed Natasha
  5017 | D:4      | Killed Natasha
  5834 | D:6      | Found a staircase to the Ecumenical Temple.
  5840 | Temple   | Entered the Ecumenical Temple
  5859 | D:6      | Reached * piety under Okawaru
  6156 | D:6      | Noticed Maggie
  6165 | D:6      | Killed Maggie
  6166 | D:6      | Reached skill level 10 in Long Blades
  6477 | D:5      | Ijyb changed into Ijyb the river rat
  6477 | D:5      | Noticed Ijyb
  6487 | D:5      | Killed Ijyb the river rat
  6582 | D:6      | Reached ** piety under Okawaru
  6609 | D:6      | Reached XP level 9. HP: 9/61 MP: 9/9
  6851 | D:6      | Found a broken altar of Ashenzari.
  7103 | D:6      | Found a glowing silver altar of Zin.
  7579 | D:7      | Reached *** piety under Okawaru
  7633 | D:7      | Found a glowing golden altar of the Shining One.
  7832 | D:7      | Found a sacrificial altar of Ru.
  7832 | D:7      | Found a shimmering blue altar of Sif Muna.
  8120 | D:7      | Reached skill level 1 in Invocations
  8289 | D:7      | Lost mutation: You are frail. (-10% HP) [potion of
                  | mutation]
  8289 | D:7      | Gained mutation: You occasionally lose the ability to read
                  | scrolls when taking damage. [potion of mutation]
  8290 | D:7      | Lost mutation: You occasionally lose the ability to read
                  | scrolls when taking damage. [potion of mutation]
  8290 | D:7      | Gained mutation: You have sharp fingernails. [potion of
                  | mutation]
  8290 | D:7      | Gained mutation: Your magical capacity is low. (-10% MP)
                  | [potion of mutation]
  8290 | D:7      | Gained mutation: You are strong-willed. (Will+) [potion of
                  | mutation]
  8422 | D:7      | Reached skill level 1 in Evocations
  8576 | D:8      | Reached XP level 10. HP: 65/74 MP: 10/10
  8764 | D:8      | Found a staircase to the Lair.
  8794 | D:8      | Found a shimmering altar of Xom.
  9120 | D:8      | Found an ancient bone altar of Kikubaaqudgha.
  9120 | D:8      | Noticed a kobold demonologist
  9186 | D:8      | Reached **** piety under Okawaru
  9249 | D:8      | Killed a kobold demonologist
  9548 | D:9      | Reached skill level 5 in Invocations
  9742 | D:9      | Noticed a boulder beetle
  9906 | D:9      | Found Fuejorro's Weapon Shop.
  9912 | D:9      | Reached ***** piety under Okawaru
 10013 | D:9      | Killed a boulder beetle
 10085 | D:9      | Reached XP level 11. HP: 49/84 MP: 9/14
 10397 | D:9      | Noticed Grum
 10472 | D:8      | Killed Grum
 10799 | D:9      | Found a staircase to the Orcish Mines.
 11003 | D:9      | Reached skill level 10 in Fighting
 11013 | D:9      | Identified the +5 triple sword "Qeot" {heavy, Str+4}
                  | (Okawaru gifted it to you on level 9 of the Dungeon)
 11013 | D:9      | Received a gift from Okawaru
 11245 | D:10     | Entered Level 10 of the Dungeon
 11273 | D:10     | You fall into a shaft and drop 1 floor!
 11334 | D:12     | Found a blossoming altar of Fedhas.
 11337 | D:12     | Noticed a boulder beetle
 11520 | D:11     | Reached skill level 5 in Stealth
 11701 | D:10     | Noticed a two-headed ogre
 11729 | D:10     | Reached skill level 5 in Evocations
 11803 | Lair:1   | Entered Level 1 of the Lair of Beasts
 11843 | Lair:1   | Found a stormy altar of Qazlal.
 11877 | Lair:1   | Received a gift from Okawaru
 12062 | Lair:1   | Reached XP level 12. HP: 96/97 MP: 16/16
 12565 | Lair:2   | Reached ****** piety under Okawaru
 13003 | Lair:2   | Found a staircase to the Shoals.
 13315 | Lair:3   | Noticed a death yak
 13321 | Lair:3   | Noticed a seven-headed hydra
 13413 | Lair:3   | Noticed a death yak
 13413 | Lair:3   | Noticed a death yak
 13413 | Lair:3   | Noticed a death yak
 13472 | Lair:3   | Reached skill level 10 in Dodging
 13513 | Lair:3   | Killed a death yak
 13548 | Lair:3   | Killed a death yak
 13614 | Lair:3   | Killed a death yak
 13827 | Lair:3   | Reached skill level 10 in Stealth
 14138 | Lair:3   | Found a hole to the Spider Nest.
 14150 | Lair:3   | Noticed Amaemon
 14181 | Lair:3   | Killed Amaemon
 14267 | Lair:3   | Reached XP level 13. HP: 103/103 MP: 15/17
 14502 | Lair:3   | Received a gift from Okawaru
 14800 | Lair:3   | Received a gift from Okawaru
 14800 | Lair:3   | Found the +0 pair of fencer's gloves {Riposte Dex+3}
 15467 | Lair:4   | Reached skill level 1 in Armour
 15505 | Lair:4   | Found a viscous altar of Jiyva.
 15506 | Lair:4   | Found a staircase to the Slime Pits.
 16058 | Lair:5   | Entered Level 5 of the Lair of Beasts
 16757 | Lair:5   | Reached skill level 1 in Shields
 17035 | Lair:5   | Reached skill level 15 in Dodging
 17269 | Lair:5   | Received a gift from Okawaru
 17337 | Lair:5   | Reached XP level 14. HP: 83/115 MP: 11/18
 17426 | Lair:5   | Found a corrupted altar of Lugonu.
 17426 | Lair:5   | Found a one-way gate to the infinite horrors of the Abyss.
 17439 | Lair:5   | Identified the +1 buckler of Dim Light {Stlth+} (Okawaru
                  | gifted it to you on level 5 of the Lair of Beasts)
 17439 | Lair:5   | Received a gift from Okawaru
 17770 | Orc:1    | Entered Level 1 of the Orcish Mines
 17777 | Orc:1    | Noticed Erica
 17813 | Orc:1    | Killed Erica
 17900 | Orc:2    | Entered Level 2 of the Orcish Mines
 17962 | Orc:1    | Found Amota's Book Boutique.
 18039 | Orc:2    | Reached skill level 5 in Shields
 18075 | Orc:2    | Noticed an orc warlord
 18077 | Orc:2    | Found a staircase to the Elven Halls.
 18175 | Orc:1    | Killed an orc warlord
 18192 | Orc:2    | Found Faoxim's Distillery.
 18202 | Orc:2    | Bought a potion of heal wounds for 75 gold pieces
 18202 | Orc:2    | Bought a potion of haste for 150 gold pieces
 18972 | Orc:2    | Identified the +2 ring mail of the Moon Troll {Drain Str+4
                  | Int+4 SInv} (Okawaru gifted it to you on level 2 of the
                  | Orcish Mines)
 18972 | Orc:2    | Received a gift from Okawaru
 18997 | Orc:2    | Found Hepteudgh's Distillery.
 18997 | Orc:2    | Found Zeffetz's Assorted Antiques.
 18998 | Orc:2    | Found Gisugh's Magic Scroll Boutique.
 18998 | Orc:2    | Found Kiwuaroa's Assorted Antiques.
 19005 | Orc:2    | Bought a potion of might for 56 gold pieces
 19006 | Orc:2    | Bought a scroll of enchant weapon for 120 gold pieces
 19006 | Orc:2    | Bought 3 scrolls of fear for 192 gold pieces
 19009 | Orc:2    | Bought a runed hat for 210 gold pieces
 19562 | D:10     | Noticed Joseph
 19572 | D:10     | Killed Joseph
 19640 | D:10     | Noticed Erolcha
 19643 | D:10     | Killed Erolcha
 19676 | D:10     | Found a blossoming altar of Fedhas.
 19918 | D:11     | Noticed Harold
 19941 | D:11     | Killed Harold
 19942 | D:11     | Reached skill level 5 in Armour
 20151 | D:11     | Noticed Gastronok
 20160 | D:11     | Killed Gastronok
 20183 | D:11     | Found a runed translucent gate.
 20183 | D:11     | Found a runed translucent gate.
 20183 | D:11     | Found a runed translucent gate.
 20225 | D:11     | Found a portal to a secret trove of treasure.
 20234 | D:11     | Reached XP level 15. HP: 123/123 MP: 18/18
 20513 | D:11     | Noticed Daonocau's ghost (journeyman MiMo)
 20928 | D:12     | Identified the +3 great sword of Kikhloaf {drain, rC- Str+3
                  | Int+6}
 20930 | D:12     | Identified the ring of Xom's Bemusement {rPois rF+ Will+
                  | Str-4 Dex+5}
 20934 | D:12     | Identified the ring "Zuuruk" {Will- Int+5 SInv}
 21003 | D:12     | Noticed Rupert
 21019 | D:12     | Killed Rupert
 21625 | D:13     | Identified a scroll of acquirement
 21677 | D:13     | Identified the +1 plate armour of Dramatic Exits {Fly MP+9
                  | Str-4 Stlth+} (Okawaru gifted it to you on level 13 of the
                  | Dungeon)
 21677 | D:13     | Received a gift from Okawaru
 21827 | D:13     | Found Ompymesa's Jewellery Boutique.
 21951 | D:13     | Identified the +5 plate armour "Yme Noj" {rN+ Str+3 Int+2}
 21957 | D:13     | Found a gate to the Vaults.
 22589 | D:14     | Learned a level 1 spell: Apportation
 22593 | D:14     | Learned a level 3 spell: Vhi's Electric Charge
 23025 | D:14     | Reached skill level 10 in Shields
 23119 | D:15     | Entered Level 15 of the Dungeon
 23457 | D:15     | Received a gift from Okawaru
 23490 | D:15     | Found a staircase to the Depths.
 23793 | D:15     | Reached XP level 16. HP: 133/133 MP: 19/19
 23825 | D:15     | Found Cidest's General Store.
 23833 | D:15     | Bought the brooch of Shielding {Spirit SH+8} for 1040 gold
                  | pieces
 23833 | D:15     | Found the brooch of Shielding {Spirit SH+8}
 23878 | D:15     | Found a glowing silver altar of Zin.
 23879 | D:15     | Found a glowing golden altar of the Shining One.
 23879 | D:15     | Found a white marble altar of Elyvilon.
 24234 | Shoals:1 | Entered Level 1 of the Shoals
 24319 | Shoals:1 | Noticed Roxanne
 24375 | Shoals:1 | Identified the +0 plate armour of Refuge {Will+} (Okawaru
                  | gifted it to you on level 1 of the Shoals)
 24375 | Shoals:1 | Received a gift from Okawaru
 24771 | D:13     | Acquired a manual of Evocations
 24980 | Shoals:1 | Acquired 824 gold pieces
 25614 | Shoals:2 | Found Kaog's Book Boutique.
 26069 | Shoals:3 | Noticed Bai Suzhen
 26104 | Shoals:3 | Noticed Mlioglotl
 26121 | Shoals:3 | Killed Mlioglotl
 26338 | Shoals:3 | Noticed Polyphemus
 26360 | Shoals:3 | Received a gift from Okawaru
 26364 | Shoals:3 | Killed Polyphemus
 26553 | Shoals:3 | Found the +1 robe of Vines {NoPotionHeal Regen++++}
 26740 | Shoals:3 | Found Ukoilu Oruts's Distillery.
 26748 | Shoals:3 | Bought a potion of haste for 200 gold pieces
 26782 | Shoals:4 | Entered Level 4 of the Shoals
 26805 | Shoals:4 | Noticed a kraken
 26818 | Shoals:4 | Killed a kraken
 26981 | Shoals:4 | Received a gift from Okawaru
 27026 | Shoals:4 | Got a barnacled rune of Zot
 27048 | Shoals:4 | Noticed Mara
 27105 | Shoals:4 | Noticed ragingrage's illusion
 27236 | Shoals:4 | Identified the +3 leather armour "Kitapn" {Regen+}
 27279 | Shoals:4 | Killed Mara
 27280 | Shoals:4 | Reached skill level 15 in Fighting
 27280 | Shoals:4 | Reached XP level 17. HP: 132/142 MP: 17/20
 27388 | Shoals:4 | Received a gift from Okawaru
 27874 | Shoals:4 | Reached skill level 15 in Long Blades
 27929 | Shoals:4 | Got the Elucidation of Combative Evolution
 28455 | Orc:1    | Bought a book of Changes for 180 gold pieces
 28458 | Orc:1    | Learned a level 2 spell: Wereblood
 28618 | Spider:1 | Entered Level 1 of the Spider Nest
 28679 | Spider:1 | Reached skill level 1 in Transmutations
 28969 | Spider:1 | Noticed Donald
 28976 | Spider:1 | Killed Donald
 29177 | Spider:1 | Noticed Agnes
 29183 | Spider:1 | Killed Agnes
 29183 | Spider:1 | Identified the +7 scimitar of Hell's Wrath {freeze, rElec
                  | rPois Str+2 Dex+3 Stlth+} (Okawaru gifted it to you on
                  | level 1 of the Spider Nest)
 29183 | Spider:1 | Received a gift from Okawaru
 29509 | Spider:2 | Noticed Arachne
 29525 | Spider:2 | Killed Arachne
 29526 | Spider:2 | Reached skill level 10 in Evocations
 29645 | Spider:2 | Noticed Jorgrun
 29667 | Spider:2 | Killed Jorgrun
 30155 | Spider:3 | Received a gift from Okawaru
 30164 | Spider:3 | Reached skill level 5 in Transmutations
 30401 | Spider:4 | Entered Level 4 of the Spider Nest
 30540 | Spider:4 | Reached XP level 18. HP: 149/149 MP: 21/21
 31219 | Spider:4 | Identified the +4 pair of gloves of the Four of Cups
                  | {Slay+2} (Okawaru gifted it to you on level 4 of the Spider
                  | Nest)
 31219 | Spider:4 | Received a gift from Okawaru
 31377 | Spider:4 | Got a gossamer rune of Zot
 31973 | Elf:1    | Entered Level 1 of the Elven Halls
 32540 | Elf:1    | Reached skill level 15 in Shields
 32616 | Elf:1    | Identified the +5 scimitar "Losaj" {protect, *Rage rElec
                  | rF+++ Dex-5} (Okawaru gifted it to you on level 1 of the
                  | Elven Halls)
 32616 | Elf:1    | Received a gift from Okawaru
 32926 | Elf:2    | Reached skill level 15 in Evocations
 33118 | Elf:2    | Reached skill level 1 in Spellcasting
 33131 | Elf:2    | Reached XP level 19. HP: 155/155 MP: 22/22
 33204 | Elf:2    | Found Poom Huod's Book Shoppe.
 33252 | Elf:2    | Found a runed translucent gate.
 33254 | Elf:2    | Found a runed translucent gate.
 33268 | Elf:2    | Found a runed translucent gate.
 33427 | Elf:3    | Entered Level 3 of the Elven Halls
 33472 | Elf:3    | Found a frozen archway.
 33519 | IceCv    | Entered an ice cave
 33649 | IceCv    | Received a gift from Okawaru
 33801 | IceCv    | Noticed an Ice Fiend
 33801 | IceCv    | Noticed an Ice Fiend
 33804 | IceCv    | Killed an Ice Fiend
 33807 | IceCv    | Killed an Ice Fiend
 33809 | IceCv    | Got the Vellum of the Crevasse
 34103 | Elf:3    | Noticed an Ice Fiend
 34587 | Elf:3    | Identified the +0 chain mail of Deecuq {rF+ Regen+}
                  | (Okawaru gifted it to you on level 3 of the Elven Halls)
 34587 | Elf:3    | Received a gift from Okawaru
 36556 | Elf:3    | Reached skill level 10 in Invocations
 36566 | Elf:3    | Identified the +7 lajatang of Havoc {holy, Stlth+}
 36579 | Elf:3    | Identified the +0 scale mail of Duty {Slay+5}
 36663 | Elf:3    | Got Goism's Compendium of the Felsic Discharge
 36676 | Elf:3    | Identified the +0 ring mail "Yjegyrgh" {Int+3}
 36679 | Elf:3    | Identified the +1 crystal plate armour of Philately
                  | {Rampage}
 36999 | Vaults:1 | Entered Level 1 of the Vaults
 37052 | Vaults:1 | Identified the +4 long sword "Cyfyuddihi" {speed, rC+ Str+3
                  | Int-4} (Okawaru gifted it to you on level 1 of the Vaults)
 37052 | Vaults:1 | Received a gift from Okawaru
 37054 | Vaults:1 | Reached XP level 20. HP: 162/162 MP: 19/24
 37405 | Vaults:1 | Reached skill level 10 in Transmutations
 37632 | Vaults:1 | Identified the +4 falchion of Punishment {holy, rN+ Int+3
                  | Dex+3 SInv} (Okawaru gifted it to you on level 1 of the
                  | Vaults)
 37632 | Vaults:1 | Received a gift from Okawaru
 38239 | Vaults:2 | Noticed Zenata
 38248 | Vaults:2 | Killed Zenata
 38257 | Vaults:2 | Received a gift from Okawaru
 38373 | Vaults:2 | Noticed Xtahua
 38375 | Vaults:2 | Noticed a golden dragon
 38383 | Vaults:2 | Killed Xtahua
 38841 | Vaults:2 | Identified the +7 hand crossbow of Laoduic {freeze, Fly
                  | Dex+3} (Okawaru gifted it to you on level 2 of the Vaults)
 38841 | Vaults:2 | Received a gift from Okawaru
 38842 | Vaults:2 | Reached XP level 21. HP: 171/171 MP: 26/26
 39404 | Vaults:3 | Reached skill level 10 in Armour
 39554 | Vaults:3 | Found Laosautz's Weapon Boutique.
 39786 | Vaults:3 | Found a staircase to the Crypt.
 39788 | Vaults:3 | Received a gift from Okawaru
 39988 | Vaults:3 | Identified the amulet "Timy" {Spirit rElec}
 40116 | Vaults:3 | Reached skill level 15 in Transmutations
 40306 | Vaults:3 | Noticed Nikola
 40316 | Vaults:3 | Killed Nikola
 40347 | Vaults:3 | Identified the +6 arbalest "Keemosue" {heavy, Will+}
 40351 | Vaults:3 | Identified the +2 arbalest "Jiurchov" {penet, Will+ Int+3}
 40590 | Vaults:4 | Identified the +9 dagger of the Stork {pain, SInv}
 40841 | Vaults:4 | Reached skill level 15 in Stealth
 41100 | Vaults:4 | Received a gift from Okawaru
 41317 | Vaults:4 | Identified the +3 scale mail of Indomitability {Fly rC++}
 41733 | D:11     | You paid a toll of 6 scrolls of fear to enter a treasure
                  | trove
 41734 | Trove    | Entered a treasure trove
 41736 | Trove    | Found the +3 Mad Mage's Maulers {Infuse+∞ VampMP -Cast}
 41737 | Trove    | Found the +2 cloak of the Thief {*Fog Slay-2 SInv Stlth+}
 41741 | Trove    | Identified the +1 cloak of Tender Moments {Dex+3}
 41764 | Trove    | Identified the +2 cloak of Quiet Fog {Rampage rPois Str+7
                  | Dex-3}
 41778 | Trove    | Identified the +0 kite shield of Arueris {Fly Dex+3}
 41946 | Depths:1 | Entered Level 1 of the Depths
 42090 | Depths:1 | Reached XP level 22. HP: 184/184 MP: 28/28
 42349 | Shoals:2 | Bought a book of the Warp for 588 gold pieces
 42827 | Depths:1 | Reached skill level 1 in Translocations
 42833 | Depths:1 | Found a one-way gateway to a ziggurat.
 42834 | Depths:1 | Noticed a dread lich
 42848 | Depths:1 | Received a gift from Okawaru
 42974 | Depths:1 | Found a gateway to a bazaar.
 43289 | Depths:1 | Found a transporter.
 43424 | Depths:1 | Found a transporter.
 43589 | Bazaar   | Entered a bazaar
 43589 | Bazaar   | Found Afej's Antique Armour Emporium.
 43589 | Bazaar   | Found Decahon's Distillery.
 43589 | Bazaar   | Found Bosiecs's General Store.
 43589 | Bazaar   | Found Ciamegel's Antique Armour Shop.
 43591 | Bazaar   | Found Ikhylur's Antique Armour Boutique.
 43593 | Bazaar   | Bought a runed kite shield for 120 gold pieces
 43598 | Bazaar   | Bought a scroll of blinking for 82 gold pieces
 43621 | Bazaar   | Bought a heavy robe for 108 gold pieces
 43621 | Bazaar   | Identified the +1 robe of Vehumet's Envy {Int+3 Stlth+}
                  | (You bought it in a shop in a bazaar)
 43624 | Bazaar   | Bought shimmering pearl dragon scales for 1863 gold pieces
 43624 | Bazaar   | Identified the +8 pearl dragon scales "Ohacevosk" {Fly
                  | rPois rN+} (You bought it in a shop in a bazaar)
 43624 | Bazaar   | Bought a brightly glowing chain mail for 171 gold pieces
 43624 | Bazaar   | Identified the +8 chain mail "Vophiceq" {Drain rN+ rCorr}
                  | (You bought it in a shop in a bazaar)
 43627 | Bazaar   | Bought 2 potions of heal wounds for 120 gold pieces
 43627 | Bazaar   | Bought a potion of haste for 120 gold pieces
 43627 | Bazaar   | Bought a potion of mutation for 96 gold pieces
 43733 | Depths:1 | Learned a level 4 spell: Manifold Assault
 44125 | Depths:2 | Paralysed by a floating eye for 2 turns
 44229 | Depths:2 | Paralysed by a floating eye for 4 turns
 44422 | Depths:2 | Identified the +1 leather armour "Bavaiv" {Fly Str+5 Int-2
                  | Stlth+}
 44471 | Depths:2 | Identified the +3 troll leather armour of Limited Liability
                  | {Rampage rPois rF- rC+ Regen+} (Okawaru gifted it to you on
                  | level 2 of the Depths)
 44471 | Depths:2 | Received a gift from Okawaru
 44563 | Depths:2 | Found a one-way gate leading to the halls of Pandemonium.
 44636 | Depths:2 | Found a runed translucent gate.
 44636 | Depths:2 | Found a runed translucent gate.
 44636 | Depths:2 | Found a runed translucent gate.
 44648 | Depths:2 | Found a gateway to Hell.
 44769 | Depths:2 | Identified the ring "Soruuh" {Fly Will+ MP+9 Dex+6 SInv}
 45014 | Depths:2 | Noticed Camaan's ghost (adept DgCj)
 45032 | Depths:2 | Identified the amulet "Qiedauph" {RegenMP Contam rPois
                  | Regen+ Str+7}
 45192 | Depths:2 | Found an ancient bone altar of Kikubaaqudgha.
 45574 | Depths:3 | Identified the +7 dagger of Integrity {heavy, rCorr}
 45731 | Depths:3 | Identified the ring of Creativity {Ice Str+3 Int+5}
 45731 | Depths:3 | Noticed Josephina
 45733 | Depths:3 | Noticed a juggernaut
 45734 | Depths:3 | Noticed a caustic shrike
 45735 | Depths:3 | Noticed a golden dragon
 45747 | Depths:3 | Noticed Boris
 45772 | Arena    | Entered the Arena
 45774 | Arena    | Killed Boris
 46365 | Depths:3 | Noticed a golden dragon
 46369 | Depths:3 | Killed a golden dragon
 46420 | Depths:3 | Killed Josephina
 46420 | Depths:3 | Identified the +0 quarterstaff "Zinoules" {venom, rElec
                  | rCorr Int+4} (Okawaru gifted it to you on level 3 of the
                  | Depths)
 46420 | Depths:3 | Received a gift from Okawaru
 46421 | Depths:3 | Reached XP level 23. HP: 150/188 MP: 29/29
 46438 | Depths:3 | Killed a caustic shrike
 46654 | Depths:3 | Killed a juggernaut
 46660 | Depths:3 | Killed a golden dragon
 46665 | Depths:3 | Received a gift from Okawaru
 47037 | Depths:3 | Identified the +1 scale mail of Hepliaklqana's Reproof
                  | {rC+}
 47372 | Depths:4 | Entered Level 4 of the Depths
 47408 | Depths:4 | Found a gate to the Realm of Zot.
 47411 | Depths:4 | Noticed a golden dragon
 47429 | Depths:4 | Killed a golden dragon
 47585 | Depths:4 | Reached skill level 5 in Translocations
 47781 | Depths:4 | Received a gift from Okawaru
 47782 | Depths:4 | Found the +3 pair of mountain boots {steadfast, rC+}
 47813 | Depths:4 | Noticed a golden dragon
 47825 | Depths:4 | Killed a golden dragon
 48117 | Depths:4 | Identified the +0 robe of Xullau {Rampage Int+2 Dex-2}
 48920 | Slime:1  | Entered Level 1 of the Pits of Slime
 49017 | Slime:2  | Gained mutation: You are robust. (+10% HP) [a shining eye]
 49204 | Slime:3  | Gained mutation: You are dopey. (Int -2) [a shining eye]
 49461 | Slime:5  | Entered Level 5 of the Pits of Slime
 50023 | Slime:5  | Noticed the Royal Jelly
 50192 | Slime:4  | Paralysed by a floating eye for 3 turns
 50197 | Slime:4  | Reached XP level 24. HP: 166/222 MP: 21/30
 51292 | Slime:5  | Found a viscous altar of Jiyva.
 51293 | Slime:5  | Found the +8 autumn katana {manifold assault}
 51313 | Arena    | Entered the Arena
 51315 | Arena    | Killed the Royal Jelly
 51315 | Arena    | Identified the +0 pair of gloves of Okawaru's Approval
                  | {rF+} (Okawaru gifted it to you in the Arena)
 51315 | Arena    | Received a gift from Okawaru
 51436 | Slime:5  | Identified the +11 long sword "Tieta" {elec, rElec rF- rN++
                  | Str+2}
 51446 | Slime:5  | Identified the ring "Sujog" {Ice Str+5}
 51472 | Slime:5  | Identified the +6 short sword "Igudgh" {chaos, Str+3 Int+3}
 51498 | Slime:5  | Identified the +1 leather armour of Daisies {Regen+ Str+8
                  | Dex-2 Slay-3}
 51499 | Slime:5  | Identified the +8 arbalest of Xakham {antimagic, rN+ Str+2}
 51503 | Slime:5  | Identified the +1 ring mail "Yplypeom" {rC+}
 51520 | Slime:5  | Identified the +8 dagger "Coumoung" {heavy, Dex+3 Stlth+}
 51522 | Slime:5  | Got a slimy rune of Zot
 52149 | D:11     | Killed Daonocau's ghost
 52685 | Shoals:1 | Killed Roxanne
 52884 | Shoals:3 | Killed Bai Suzhen
 52969 | Shoals:3 | Found Ukoilu Oruts's Distillery.
 53660 | Depths:2 | Killed Camaan's ghost
 53718 | Depths:2 | Got the ring of Liberalism {Fire Dex+3 Stlth+}
 53808 | Zot:1    | Entered Level 1 of the Realm of Zot
 53984 | Zot:1    | Noticed a dread lich
 53992 | Zot:1    | Killed a dread lich
 53995 | Zot:1    | Noticed a curse toe
 54002 | Zot:1    | Killed a curse toe
 54868 | Zot:1    | Found a runed translucent gate.
 54869 | Zot:1    | Found a runed translucent gate.
 54869 | Zot:1    | Found a runed translucent gate.
 54871 | Zot:1    | Noticed browni3141's ghost (veteran HuEE)
 54878 | Zot:1    | Noticed an orb of fire
 54879 | Zot:1    | Noticed an orb of fire
 54879 | Zot:1    | Noticed an orb of fire
 54994 | Zot:1    | Noticed a curse toe
 55005 | Zot:1    | Killed a curse toe
 55419 | Zot:2    | Identified the +1 chain mail of the Armadillo {rC+ Int+3}
                  | (Okawaru gifted it to you on level 2 of the Realm of Zot)
 55419 | Zot:2    | Received a gift from Okawaru
 56991 | Zot:3    | Reached XP level 25. HP: 231/231 MP: 30/30
 57482 | Zot:3    | Reached skill level 10 in Translocations
 57503 | Zot:3    | Identified the +6 broad axe of Gaplist {holy, rElec Str+8
                  | Int-4 Dex+2} (Okawaru gifted it to you on level 3 of the
                  | Realm of Zot)
 57503 | Zot:3    | Received a gift from Okawaru
 58105 | Zot:3    | Noticed an orb of fire
 58120 | Zot:3    | Gained mutation: You are weak. (Str -2) [an orb of fire]
 58121 | Zot:3    | Noticed an orb of fire
 58123 | Zot:3    | Gained mutation: You are clumsy. (Dex -2) [an orb of fire]
 58123 | Zot:3    | Gained mutation: You sometimes lose your temper in combat.
                  | [an orb of fire]
 58127 | Zot:3    | Killed an orb of fire
 58128 | Arena    | Entered the Arena
 58140 | Arena    | Killed an orb of fire
 58439 | Zot:3    | Lost mutation: You are robust. (+10% HP) [potion of
                  | mutation]
 58439 | Zot:3    | Lost mutation: You are dopey. (Int -2) [potion of mutation]
 58439 | Zot:3    | Lost mutation: You have sharp fingernails. [potion of
                  | mutation]
 58440 | Zot:3    | Lost mutation: You are clumsy. (Dex -2) [potion of
                  | mutation]
 58440 | Zot:3    | Lost mutation: You sometimes lose your temper in combat.
                  | [potion of mutation]
 58440 | Zot:3    | Lost mutation: You are weak. (Str -2) [potion of mutation]
 58440 | Zot:3    | Gained mutation: Your muscles are strong. (Str +4, Int/Dex
                  | -1) [potion of mutation]
 58440 | Zot:3    | Gained mutation: Your muscles are very strong. (Str +8,
                  | Int/Dex -2) [potion of mutation]
 58927 | Zot:4    | Found a transporter.
 59099 | Zot:4    | Received a gift from Okawaru
 59937 | Zot:4    | Received a gift from Okawaru
 60637 | Zot:5    | Entered Level 5 of the Realm of Zot
 60740 | Zot:5    | Reached skill level 1 in Air Magic
 61735 | Vaults:5 | Entered Level 5 of the Vaults
 61737 | Vaults:5 | Reached XP level 26. HP: 218/218 MP: 30/30
 61758 | Vaults:5 | Identified the +1 plate armour of Okawaru's Anger {Dex+7}
                  | (Okawaru gifted it to you on level 5 of the Vaults)
 61758 | Vaults:5 | Received a gift from Okawaru
 62162 | Vaults:5 | Got the Compendium of the Seventy-Seven Persimmons
 62232 | Vaults:5 | Reached skill level 15 in Armour
 62374 | Vaults:5 | Identified the amulet of Egiff {Reflect *Corrode Str+3
                  | Slay+6 SH+5}
 62442 | Vaults:5 | Found the +3 pair of gauntlets of War {Slay+5}
 62448 | Vaults:5 | Got Ypnaifiy's Compilation of Voltaic Geology
 62454 | Vaults:5 | Got a silver rune of Zot
 62800 | Vaults:5 | Noticed Jory
 62810 | Vaults:5 | Killed Jory
 62825 | Vaults:5 | Identified the +5 shortbow of Inference {heavy, rN+}
 62838 | Vaults:5 | Identified the +4 crystal plate armour "Ekhig" {Fly rPois
                  | Will+} (Okawaru gifted it to you on level 5 of the Vaults)
 62838 | Vaults:5 | Received a gift from Okawaru
 62907 | Vaults:5 | Identified the +1 ring mail of Sloth {+Inv}
 62907 | Vaults:5 | Identified the +1 robe of the Seven of Cups {rF+ Int+3}
 66139 | Orc:2    | Bought a potion of curing for 42 gold pieces
 66139 | Orc:2    | Bought a potion of mutation for 112 gold pieces
 66139 | Orc:2    | Bought a potion of heal wounds for 70 gold pieces
 66139 | Orc:2    | Bought 2 potions of cancellation for 224 gold pieces
 66139 | Orc:2    | Bought a potion of might for 56 gold pieces
 66139 | Orc:2    | Bought a potion of attraction for 42 gold pieces
 66140 | Orc:2    | Bought a scroll of teleportation for 48 gold pieces
 66142 | Orc:2    | Bought a potion of magic for 152 gold pieces
 66142 | Orc:2    | Bought a potion of resistance for 190 gold pieces
 66142 | Orc:2    | Bought 2 scrolls of fog for 152 gold pieces
 66143 | Orc:2    | Bought a wand of light (5) for 630 gold pieces
 66192 | Orc:2    | Bought a potion of cancellation for 120 gold pieces
 66192 | Orc:2    | Bought a potion of might for 60 gold pieces
 66192 | Orc:2    | Bought a potion of heal wounds for 75 gold pieces
 66192 | Orc:2    | Bought a potion of invisibility for 120 gold pieces
 66398 | Shoals:3 | Bought a potion of heal wounds for 100 gold pieces
 66398 | Shoals:3 | Bought a potion of mutation for 160 gold pieces
 66398 | Shoals:3 | Bought a potion of resistance for 200 gold pieces
 66398 | Shoals:3 | Bought a potion of invisibility for 160 gold pieces
 66398 | Shoals:3 | Bought a potion of curing for 60 gold pieces
 66398 | Shoals:3 | Bought a potion of magic for 160 gold pieces
 66398 | Shoals:3 | Bought a potion of cancellation for 160 gold pieces
 66957 | Zot:5    | Noticed an ancient lich
 66961 | Zot:5    | Noticed a dread lich
 66969 | Zot:5    | Killed an ancient lich
 66970 | Zot:5    | Reached skill level 5 in Air Magic
 66970 | Zot:5    | Reached XP level 27. HP: 209/224 MP: 28/30
 66975 | Zot:5    | Killed a dread lich
 66984 | Zot:5    | Noticed an orb of fire
 66995 | Zot:5    | Gained mutation: You are clumsy. (Dex -2) [an orb of fire]
 66996 | Arena    | Entered the Arena
 67001 | Arena    | Killed an orb of fire
 67002 | Arena    | Reached skill level 5 in Spellcasting
 67009 | Zot:5    | Noticed an orb of fire
 67018 | Zot:5    | Killed an orb of fire
 67061 | Zot:5    | Received a gift from Okawaru
 67324 | Zot:5    | Received a gift from Okawaru
 67330 | Zot:5    | Reached skill level 15 in Translocations
 67384 | Zot:5    | Noticed an orb of fire
 67390 | Zot:5    | Gained mutation: Armour fits poorly on your strangely
                  | shaped body. [an orb of fire]
 67395 | Zot:5    | Killed an orb of fire
 67429 | Zot:5    | Noticed a dread lich
 67440 | Zot:5    | Killed a dread lich
 67445 | Zot:5    | Noticed a dread lich
 67452 | Zot:5    | Killed a dread lich
 67453 | Zot:5    | Reached skill level 15 in Invocations
 67805 | Zot:5    | Got the Orb of Zot
 68252 | D:7      | Identified the +0 chain mail "Ferrik" {Str+6} (Okawaru
                  | gifted it to you on level 7 of the Dungeon)
 68252 | D:7      | Received a gift from Okawaru
 68394 | D:$      | Escaped with the Orb!

Illustrated notes

Levels and vault maps discovered:
D:1:      amcnicky_arrival_feature_with_door, layout_loops_ring,
          minmay_tetromino_o4
D:2:      layout_loops_cross
D:3:      gammafunk_wand_slinger, layout_rooms, uniq_robin
D:4:      layout_basic, uniq_natasha
D:5:      layout_cave_pods, okawaru_ov_weapons_minmay, grunt_ministairs_11,
          uniq_ijyb
D:6:      layout_basic, minitemple, minmay_temple_entry_arrows, enter_ossuary_1,
          uniq_maggie
D:7:      layout_cave_pods, nicolae_tso_besieged_by_evil,
          gammafunk_temple_overflow_statue, roderic_serpentine_path,
          hangedman_decor_points, kb_rosetta
D:8:      wander_kiku_kobolds, layout_rooms, xom_butterflies, dpeg_oklobed_lair,
          minmay_misc_feat_chi
D:9:      layout_roguey, erik_orc_3, serial_shops, shop_fountains,
          minmay_increasing_density, uniq_grum
D:10:     cheibrodos_fzero, layout_rooms, mainiacjoe_overflow_alcove_4,
          uniq_joseph, uniq_erolcha
D:11:     layout_irregular_city, nicolae_trove_entry_path_of_doom,
          ebering_ghost_rock_garden, uniq_gastronok, uniq_harold
D:12:     minmay_the_grid_triangle_9x9_recursive_2
          [minmay_the_grid_triangle_9x9_prize_insulated,
          minmay_the_grid_triangle_9x9_descending_squares,
          minmay_the_grid_triangle_9x9_limited_checkers,
          minmay_the_grid_triangle_9x9_zippers_horizontal],
          layout_loops_corners, fedhas_altar_1, uniq_rupert
D:13:     layout_basic, ximxim_vaults_locker_room, serial_shops,
          nicolae_square_shop, minmay_fire_ice_demons
D:14:     layout_roguey, serial_corexii_hall, corexii_hall_statues_t,
          chequers_hall_statues_wall_a
D:15:     hangedman_depths_entry_try_elsewhere_first, layout_cave_pods,
          serial_shops, shop, good_gods_temple_1, hangedman_decor_lopped,
          serial_bayou_lagoon_a, amcnicky_mini_pool_small,
          dreamdust_deal_with_the_devil
Temple:   nicolae_temple_ecumenical_triangle
Lair:1:   wad_woods_stonehenge, layout_regular_city
Lair:2:   layout_regular_city, minmay_shoals_entry_lonely_mermaid
Lair:3:   layout_cave_pods, spider_nest_entry_webs,
          chequers_serial_rivers_room_a, grunt_megastairs_3,
          infiniplex_staircase_pool, uniq_amaemon
Lair:4:   layout_regular_city, dpeg_slime_entry_enclosed, serial_rivers,
          chequers_serial_rivers_micro_d, chequers_serial_rivers_large_a,
          chequers_serial_rivers_marsh, chequers_serial_rivers_micro_c,
          chequers_serial_rivers_small_a, chequers_serial_rivers_micro_c,
          dpeg_oklob_1
Lair:5:   hellmonk_lair_end_abyssal_woods, layout_regular_city
Shoals:1: layout_shoals, nicolae_shoals_lost_giant_baths, uniq_roxanne
Shoals:2: layout_shoals, serial_shops, shop
Shoals:3: layout_shoals, serial_shops, shop, uniq_polyphemus, uniq_bai_suzhen,
          uniq_mlioglotl
Shoals:4: shoals_end_grunt_ice, layout_shoals, nicolae_splish_splash, uniq_mara
Spider:1: layout_spider_delve, nicolae_spider_claw_tunnel, uniq_donald,
          uniq_agnes
Spider:2: layout_spider_delve, hangedman_spider_mandibles, uniq_arachne,
          uniq_jorgrun
Spider:3: layout_spider_delve
Spider:4: hellmonk_spider_rune_endless_swarm, nicolae_arachne_temple
Slime:1:  layout_caves
Slime:2:  layout_caves, cheibrodos_slime_lost_civilization_4
Slime:3:  layout_caves, nicolae_slime_round_cave
Slime:4:  layout_caves
Slime:5
Orc:1:    layout_diamond_mine, lightli_volcano_entry_magma_tube, serial_shops,
          nicolae_shop_window_shopping, uniq_erica
Orc:2:    st_orc_pillars, layout_caves, serial_shops,
          nicolae_shop_advertising_works [nicolae_subvault_shop_adworks]
Elf:1:    minmay_elf_arrival_plus, layout_geoelf_diagonals,
          hangedman_elf_represent
Elf:2:    nicolae_elf_blades_splatter_lattice
          [nicolae_blade_entry_area_security], layout_onion_city, serial_shops,
          nicolae_shop_hallway_stairs, minmay_misc_feat_columns
Elf:3:    minmay_elf_hall_four_x, layout_geoelf_diagonals,
          portal_ice_cave_entry_pillars_2
Vaults:1: nicolae_vaults_meeting, hangedman_vaults_nodes,
          dpeg_vaults_monster_row, grunt_vaults_bifocal,
          ontoclasm_vaults_ring_large, ontoclasm_vaults_misaligned,
          hangedman_vaults_pinch, nicolae_vaults_mini_display_case, v_misc_8,
          vaults_dpeg_emergency_exit, vaults_room_stairs_pillars,
          nicolae_vaults_little_squares_4, layout_vaults_ring
Vaults:2: hangedman_vaults_stagger, hangedman_vaults_river_flow,
          vaults_dpeg_hooks, v_pattern_1, nicolae_vaults_know_your_exits,
          nicolae_vaults_specimen_jars, grunt_vaults_hallway_long,
          nicolae_vaults_little_ls, dpeg_vaults_monster_box,
          layout_vaults_omnicross, uniq_zenata, uniq_xtahua
Vaults:3: minmay_crypt_entry_simple_box, ontoclasm_vaults_chip,
          nicolae_vaults_yaktaur_gun_rack, vaults_dpeg_diagonal, st_octagons_2,
          v_alt_pattern_4, nicolae_vaults_puzzle_piece, v_misc_2, v_misc_29,
          layout_vaults_omnibox, serial_shops,
          nicolae_shop_bloodbath_and_beyond, uniq_nikola
Vaults:4: v_misc_11, hangedman_vaults_maws, hangedman_vaults_corner_blocks,
          vaults_dpeg_cross, vaults_mumra_hex, layout_vaults_omnigrid
Vaults:5: uniq_jory
Depths:1: layout_honeycomb, enter_ziggurat_d, kennysheep_path_1, serial_shops,
          bzr_entry_islet, hellmouth_3, chequers_serial_rivers_micro_e,
          grunt_decor_one_mirror, roderic_filled_cross, nicolae_diode_stairs
Depths:2: hourglass_vault, layout_cave_pools, serial_sigils_hangedman_shear,
          rand_demon_pan_entry_1, hell_entry, gammafunk_ghost_icy,
          lemuel_zombie_altar_kikubaaqudgha, infiniplex_staircase_split_hallway
Depths:3: nicolae_fronds_of_death, layout_basic, dreamdust_wishing_well,
          hangedman_abyss_entry_splay, lightli_too_deep,
          chequers_serial_rivers_micro_c, uniq_josephina, uniq_boris
Depths:4: evilmike_zot_entry_argh, layout_gridlike, pf_hell_entry_tar_spiral
Zot:1:    hangedman_snap_crack_crunch, layout_concentric_octagons,
          ebering_ghost_rock_garden, lemuel_lake_of_fire
Zot:2:    grunt_twist_and_shout, layout_cathedral_of_symmetry, uniq_grunn
Zot:3:    layout_cathedral_of_symmetry, st_single_dragon_hoard_4,
          st_small_dragon_hoard_1
Zot:4:    gammafunk_mikee_crab_dinner, layout_basic, nicolae_diode_basic
Zot:5:    layout_cellular_growth

Skill      XL: |  1  2  3  4  5  6  7  8  9 10 11 12 13 14 15 16 17 18 19 20 21 22 23 24 25 26 27 |
---------------+----------------------------------------------------------------------------------+-----
Dodging        | 3 4 5 7 12 15 16 17 18 19 20 | 20.2
Fighting       | 3 4 5 7 10 12 13 14 15 16 18 19 20 | 20.0
Long Blades    | 2 5 8 11 14 16 | 16.0
Invocations    | 2 7 8 10 11 12 13 14 15 | 15.8
Evocations     | 1 4 5 7 11 15 16 17 | 17.0
Stealth        | 2 4 6 10 11 13 15 16 17 | 17.0
Armour         | 3 5 6 7 8 9 10 12 14 15 16 | 16.0
Shields        | 3 8 10 12 13 15 16 17 | 17.0
Transmutations | 6 7 9 12 15 | 15.0
Spellcasting   | 1 3 4 8 |  8.0
Translocations | 4 6 9 12 14 15 | 15.0
Air Magic      | 2 5 |  5.0
Ranged Weapons | |  3.2

Action                     |  1- 3 |  4- 6 |  7- 9 | 10-12 | 13-15 | 16-18 | 19-21 | 22-24 | 25-27 || total
---------------------------+-------+-------+-------+-------+-------+-------+-------+-------+-------++-------
  Melee: Falchion          |       |    28 |   136 |       |     8 |       |       |       |       ||   172
         Dagger            |       |     1 |     4 |       |       |       |       |       |       ||     5
         Unarmed           |       |       |    22 |       |       |       |       |       |       ||    22
         Punch             |       |       |     5 |    12 |     5 |       |       |       |       ||    22
         Scimitar          |       |       |    15 |       |   450 |   510 |   192 |       |       ||  1167
         Long sword        |       |       |    87 |   625 |   523 |       |       |       |       ||  1235
         Tailslap          |       |       |       |     3 |     7 |    55 |     1 |       |       ||    66
         Double sword      |       |       |       |       |       |   270 |   608 |   935 |   789 ||  2602
         Rapier            |       |       |       |       |       |       |     6 |       |       ||     6
   Fire: Shortbow          |   102 |   115 |    85 |   225 |    30 |       |       |       |       ||   557
  Throw: Dart              |       |       |       |       |    12 |     5 |       |       |       ||    17
         Boomerang         |       |       |       |       |     2 |       |       |       |       ||     2
         Throwing net      |       |       |       |       |     1 |     2 |       |     2 |     1 ||     6
         Javelin           |       |       |       |       |       |     4 |       |       |     1 ||     5
   Cast: Wereblood         |       |       |       |       |       |     4 |    27 |    43 |    19 ||    93
         Manifold Assault  |       |       |       |       |       |       |       |       |     9 ||     9
         Vhi's Electric Ch |       |       |       |       |       |       |       |       |     5 ||     5
 Invoke: Heroism           |       |       |       |     1 |     3 |     2 |     1 |       |     4 ||    11
         Finesse           |       |       |       |       |       |       |     1 |       |     4 ||     5
         Duel              |       |       |       |       |       |       |       |     2 |     2 ||     4
  Evoke: Wand              |       |       |    10 |     5 |     5 |     4 |     1 |       |     4 ||    29
         Lightning rod     |       |       |       |       |     3 |     3 |       |       |       ||     6
         Condenser vane    |       |       |       |       |       |     2 |     5 |     5 |     6 ||    18
         Phial of floods   |       |       |       |       |       |       |     2 |       |       ||     2
         Tin of tremorston |       |       |       |       |       |       |       |     6 |     5 ||    11
    Use: Potion            |       |     3 |    10 |       |       |       |       |       |    14 ||    27
         Scroll            |       |     3 |     4 |    10 |     8 |     2 |     1 |    10 |     4 ||    42
   Stab: Sleeping          |       |     1 |       |     5 |    25 |    24 |    25 |    12 |     9 ||   101
         Paralysed         |       |       |     4 |       |       |       |       |       |     1 ||     5
         Distracted        |       |       |       |     1 |     5 |     7 |     6 |     7 |     8 ||    34
         Invisible         |       |       |       |       |     3 |       |       |       |     1 ||     4
         Held in net/web   |       |       |       |       |     2 |     2 |       |     3 |     4 ||    11
         Petrified         |       |       |       |       |       |     3 |       |       |       ||     3
         Petrifying        |       |       |       |       |       |     1 |       |       |     2 ||     3
 Armour: Leather armour    |    16 |     8 |    21 |       |       |       |       |       |       ||    45
         Skin              |       |       |    23 |       |       |       |       |       |       ||    23
         Robe              |       |       |    15 |    59 |       |    43 |    60 |     3 |       ||   180
         Troll leather arm |       |       |       |    80 |    87 |    18 |       |       |       ||   185
         Pearl dragon scal |       |       |       |       |       |       |       |   255 |   264 ||   519
  Dodge: Dodged            |    32 |    44 |   142 |   525 |   819 |   515 |   537 |   541 |   650 ||  3805
  Block: Buckler           |       |       |       |       |   358 |   304 |       |       |       ||   662
         Kite shield       |       |       |       |       |       |   522 |   959 |  1157 |  1099 ||  3737
         Reflection        |       |       |       |       |       |    28 |    67 |    20 |    31 ||   146
Riposte: Long sword        |       |       |       |       |   144 |       |       |       |       ||   144
         Scimitar          |       |       |       |       |   167 |   162 |    70 |       |       ||   399
         Dagger            |       |       |       |       |     1 |       |       |       |       ||     1
         Double sword      |       |       |       |       |       |   196 |   324 |   472 |   258 ||  1250
         Rapier            |       |       |       |       |       |       |     1 |       |       ||     1

Table legend: (Time is in decaauts)
 A = Elapsed time spent in this place.
 B = Non-inter-level travel time spent in this place.
 C = Inter-level travel time spent in this place.
 D = Time resting spent in this place.
 E = Time spent auto-exploring this place.
 F = Levels seen in this place.
 G = Mean time per level.
                   A        B        C        D        E       F      G
               +--------+--------+--------+--------+--------+-----+--------+
         Total |  67247 |  57995 |   9252 |  11019 |  31697 |  60 | 1120.8 |
       Dungeon |  19568 |  16038 |   3530 |   2697 |   9337 |  15 | 1304.5 |
        Temple |      1 |      1 |      0 |      0 |      0 |   1 |    1.0 |
          Lair |   7182 |   5701 |   1481 |    609 |   3540 |   5 | 1436.4 |
        Shoals |   3521 |   3100 |    421 |    115 |   2070 |   4 |  880.2 |
   Spider Nest |   3230 |   3020 |    210 |    402 |   1834 |   4 |  807.5 |
    Slime Pits |   2781 |   2590 |    191 |   1245 |    607 |   5 |  556.2 |
  Orcish Mines |   1832 |   1451 |    381 |     90 |    564 |   2 |  916.0 |
   Elven Halls |   5260 |   4971 |    289 |   1686 |   2138 |   3 | 1753.3 |
        Vaults |   6843 |   6131 |    712 |    396 |   3919 |   5 | 1368.6 |
        Depths |   7254 |   6116 |   1138 |   1373 |   3348 |   4 | 1813.5 |
           Zot |   9215 |   8319 |    896 |   2385 |   4197 |   5 | 1843.0 |
        Bazaar |     47 |     47 |      0 |      0 |     31 |   1 |   47.0 |
         Trove |     71 |     71 |      0 |      0 |      2 |   1 |   71.0 |
      Ice Cave |    373 |    373 |      0 |      0 |    107 |   1 |  373.0 |
         Arena |     60 |     60 |      0 |     18 |      0 |   4 |   15.0 |
               +--------+--------+--------+--------+--------+-----+--------+

Top non-repeatable levels by time:
   Elf:2: 2935 daAuts
   Zot:5: 2356 daAuts
Depths:1: 2294 daAuts
     D:9: 2206 daAuts
   Zot:3: 2150 daAuts
  Lair:3: 1883 daAuts
   Zot:4: 1881 daAuts
Depths:2: 1847 daAuts
     D:5: 1817 daAuts
     D:4: 1631 daAuts
   Zot:2: 1603 daAuts
Depths:4: 1599 daAuts
Depths:3: 1513 daAuts
Vaults:1: 1485 daAuts
  Lair:5: 1478 daAuts
